 Dungeon Crawl Stone Soup version 0.21.1-1-g345015fe64 (webtiles) character file.

56 Jannitor the Vexing (level 3, -5/30 HPs)
             Began as a Hill Orc Enchanter on June 11, 2018.
             Slain by a worm (7 damage)
             ... on level 2 of the Dungeon.
             The game lasted 00:03:59 (2239 turns).

Jannitor the Vexing (Hill Orc Enchanter)            Turns: 2239, Time: 00:03:59

Health: -5/30      AC: 11    Str: 11    XL:     3   Next: 97%
Magic:  5/5        EV:  2    Int: 20    God:
Gold:   57         SH:  0    Dex: 11    Spells: 4/5 levels left

rFire    . . .     SeeInvis .   l - +0 mace
rCold    . . .     Gourm    .   (no shield)
rNeg     . . .     Faith    .   m - +0 plate armour (curse)
rPois    .         Spirit   .   (no helmet)
rElec    .         Reflect  .   (no cloak)
rCorr    .         Harm     .   (no gloves)
MR       .....                  (no boots)
Stlth    ..........             (no amulet)
HPRegen  0.10/turn              (no ring)
MPRegen  0.09/turn              (no ring)

@: brilliant
A: no striking features
a: no special abilities


You were on level 2 of the Dungeon.
You were not hungry.

You visited 1 branch of the dungeon, and saw 2 of its levels.

You collected 57 gold pieces.

Inventory:

Hand Weapons
 a - a +1 dagger
 l - a +0 mace (weapon)
Missiles
 f - 52 stones
 i - 4 javelins (quivered)
Armour
 b - a +0 robe
 e - a +0 leather armour
 k - a +0 scale mail
 m - a cursed +0 plate armour (worn)
Scrolls
 h - a scroll of enchant weapon {unknown}
 j - 3 scrolls of remove curse {unknown}
 n - 2 scrolls of identify {unknown}
 o - a scroll of immolation {unknown}
Books
 c - a book of Maledictions

   Spells                             Type                      Level
   a - Corona                         Hexes                        1
   b - Ensorcelled Hibernation        Hexes/Ice                    2
   c - Confuse                        Hexes                        3
   d - Tukima's Dance                 Hexes                        3
   e - Dazzling Spray                 Conjuration/Hexes            3
Comestibles
 d - 2 rations


   Skills:
 + Level 2.5 Fighting
 - Level 1.0 Short Blades
 + Level 1.1 Maces & Flails
 + Level 2.3 Armour
 - Level 1.5 Dodging
 - Level 2.4 Stealth
 - Level 1.5 Spellcasting
 - Level 3.0 Hexes


You had 4 spell levels left.
You knew the following spells:

 Your Spells              Type           Power        Failure   Level  Hunger
a - Corona                Hex            ####...      73%         1    #......


Dungeon Overview and Level Annotations

Branches:
Dungeon (2/15)

Altars:


Message History

The worm is lightly wounded.
Your plate armour prevents you from hitting the worm.
The worm is lightly wounded.
The worm bites you but does no damage.
You hit the worm.
The worm is moderately wounded.
The worm bites you.
* * * LOW HITPOINT WARNING * * *
You hit the worm.
The worm is moderately wounded.
The worm bites you but does no damage.
Your plate armour prevents you from hitting the worm.
The worm is moderately wounded.
The worm bites you but does no damage.
Your plate armour prevents you from hitting the worm.
The worm is moderately wounded.
You sock the worm!
The worm is severely wounded.
The worm bites you!
You die...

# ##.#.....)....#
###.# #.#.# .#
#.#....#####.#
#...# #.#.#
#.#####.#....# #.#
#.#.####.#.#
..#.....#..###
#.#.#.#...##.#.#
..#.#####..#
#.#.#.#.#.##.#.#
..#.#......#
###.#.#.#.#.##.#.#
..#.#......##
#.#(#.#.#.#..#.#.#
..#.#.....>.#
#.#(#.#.#.#....#.#
..#.#....#..#
#@#.# #)#.#.####.#
#...#.......##
#.w.# #...#.# ##.#
###.#.#.###..#
##### #####.# #..#
....#.#.# ##.#
#.###.## ......#..
#..# ###.##..##
.#.#.###. #.##
#######.........
.##### . #.#
#.......########
.. ##.#
#.######### # ##
######..##
#.#....##.# #


You could see a worm.

Vanquished Creatures
  2 adders (D:2)
  An ooze (D:2)
  A dart slug (D:2)
  2 leopard geckos (D:1)
  6 bats (D:1)
  2 giant cockroaches (D:1)
  5 goblins
  3 hobgoblins (D:1)
  2 kobolds
  A ball python (D:2)
  3 frilled lizards
  3 rats (D:1)
31 creatures vanquished.

Notes
Turn   | Place    | Note
-------+----------+-------------------------------------------
     0 | D:1      | Jannitor the Hill Orc Enchanter began the quest for the Orb.
     0 | D:1      | Reached XP level 1. HP: 14/14 MP: 3/3
   226 | D:1      | Reached skill level 1 in Fighting
   388 | D:1      | Reached skill level 1 in Armour
   388 | D:1      | Reached XP level 2. HP: 22/23 MP: 4/4
  1155 | D:1      | Reached XP level 3. HP: 29/29 MP: 5/5
  1956 | D:2      | Reached skill level 1 in Maces & Flails
  2235 | D:2      | HP: 1/30 [worm (2)]
  2239 | D:2      | Slain by a worm

Skill      XL: |  1  2  3 |
---------------+----------+-----
Fighting       | 1 2 |  2.5
Armour         | 1 2 |  2.3
Maces & Flails | 1 |  1.1
Short Blades   | |  1.0
Dodging        | |  1.5
Stealth        | |  2.4
Spellcasting   | |  1.5
Hexes          | |  3.0

Action                   || total
-------------------------++-------
Melee: Dagger            ||    69
       Mace              ||    83
Throw: Javelin           ||     6
  Use: Potion            ||     3
 Stab: Sleeping          ||     1
  Eat: Chunk             ||     4
Armor: Robe              ||     8
       Leather armour    ||     8
       Scale mail        ||    10
       Plate armour      ||    80
Dodge: Dodged            ||    53
